 Dungeon Crawl Stone Soup version 0.32-a0-484-g2eb335deba (webtiles) character file.

Game seed: 7095257571517434147

765 Alarak the Fighter (level 8, -3/72 HPs)
             Began as a Formicid Fighter on Feb 26, 2024.
             Was a Follower of Cheibriados.
             Slain by an orc
             ... wielding a +0 flail
              (6 damage)
             ... on level 4 of the Dungeon.
             The game lasted 00:07:03 (2988 turns).

Alarak the Fighter (Formicid Fighter)               Turns: 2988, Time: 00:07:03

Health: -3/72      AC:  6    Str: 27    XL:     8   Next: 8%
Magic:  8/8        EV:  9    Int: 10    God:    Cheibriados [*.....]
Gold:   133        SH:  5    Dex: 16    Spells: 7/7 levels left

rFire   + . .        a - +0 war axe
rCold   . . .        c - +0 buckler
rNeg    + . .        b - +0 scale mail
rPois   .            (helmet unavailable)
rElec   .            (no cloak)
rCorr   .            (no gloves)
SInv    +            (no boots)
Will    .....        (no amulet) Stlth
                     l - ring of protection from fire
HPRegen 0.32/turn    p - ring of positive energy
MPRegen 0.11/turn

%: no passive effects
@: mighty, very slow
A: permanent stasis, dig shafts and tunnels, antennae 3, four strong arms
a: Dig, Shaft Self, Renounce Religion, Bend Time


You were on level 4 of the Dungeon.
You worshipped Cheibriados.
Cheibriados was aware of your devotion.
You visited 1 branch of the dungeon, and saw 4 of its levels.

You collected 133 gold pieces.

Inventory:

Hand Weapons
 a - a +0 war axe (weapon)
 q - a +2 falchion of flaming
Armour
 b - a +0 scale mail (worn)
 c - a +0 buckler (worn)
Magical Staves
 i - a staff of earth
Jewellery
 l - a ring of protection from fire (left hand)
 m - a ring of wizardry
 p - a ring of positive energy (right hand)
 r - a +6 ring of intelligence
 v - a ring of magical power
Wands
 f - a wand of roots (14)
 u - a wand of paralysis (11)
Potions
 h - 2 potions of magic
 k - 2 potions of lignification
 n - a potion of cancellation {unknown}
 s - a potion of attraction {unknown}


   Skills:
 + Level 9.8 Fighting
 - Level 2.0 Axes
 - Level 3.2 Armour
 - Level 4.0 Shields


You had 7 spell levels left.
You didn't know any spells.
Your spell library contained the following spells:

 Spells                   Type           Power      Damage    Failure   Level
 Sandblast                Erth           0%         2d4       69%         1
 Passwall                 Erth           0%         N/A       96%         3
 Stone Arrow              Conj/Erth      0%         3d7       96%         3
 Brom's Barrelling Bould  Conj/Erth      0%         2d3       100%        4
 Chain Lightning          Conj/Air       0%         N/A       100%        9
 Fire Storm               Conj/Fire      0%         5d1       100%        9
 Shatter                  Erth           0%         3d5*      100%        9


Dungeon Overview and Level Annotations

Branches:
Dungeon (4/15)
 Temple: D:4-7

Altars:
Cheibriados
Dithmenos
Okawaru
The Shining One


Innate Abilities, Weirdness & Mutations

You cannot be hasted, slowed, berserked, paralysed or teleported.
You can dig through walls and to a lower floor.
You have a pair of large antennae on your head. (SInv)
Your four strong arms can wield two-handed weapons with a shield.


Message History

The lemure departs this earthly plane. x3
Your Fighting skill gained 2 levels and is now at level 9!
You have reached level 7!
The air fills with toxic fumes!
As you read the scroll labelled DIRENGADDO, it crumbles to dust.
It was a scroll of poison.
The orc wizard barely misses you.
You aren't carrying any scrolls.
You feel better. You block the orc wizard's attack.
You slash the orc wizard!
The orc wizard is severely wounded.
You block the orc wizard's attack.
You slash the orc wizard!
You kill the orc wizard!
Cheibriados appreciates the change of pace.
The adder closely misses you.
The iguana hisses menacingly.
You have reached level 8!
You feel stronger.
You slice the adder!!
You kill the adder!
Cheibriados appreciates the change of pace.
You slash the orc!
You kill the orc!
Cheibriados appreciates the change of pace.
You block the iguana's attack.
You hit the iguana.
The iguana is lightly wounded.
The iguana barely misses you.
You barely miss the iguana.
The iguana is lightly wounded.
The iguana bites you!
* * * LOW HITPOINT WARNING * * *
The iguana bites you!
* * * LOW HITPOINT WARNING * * *
You slash the iguana!
You kill the iguana!
Cheibriados appreciates the change of pace.
You closely miss the orc. The orc hits you with a +0 flail.
You die...
Cheibriados appreciates the motionlessness of death.

## .###### #)....#
.####.# ,## ## #.#
,,.. # #.# ,.. #.#
,.# #.#
#########.?# #.#
#.§.§..@oo.#
#####.#
#§#######..#
#.....####.#######
....
..###.............
###. ..#
#.............
#.###.############
......# #######


You could see 2 orcs.

Vanquished Creatures
  Pikel (D:4)
  A lemure (D:4)
  A hound (D:4)
  A bombardier beetle (D:2)
  2 iguanas
  Natasha (D:2)
  2 orc wizards
  Robin (D:4)
  5 adders
  A dart slug (D:3)
  2 ribbon worms (D:3)
  5 orcs
  5 ball pythons
  4 bats
  4 endoplasms
  4 giant cockroaches (D:2)
  15 goblins
  12 hobgoblins
  4 jackals
  3 quokkas
  2 frilled lizards (D:3)
  6 kobolds
  8 rats
90 creatures vanquished.

Notes
Turn   | Place    | Note
-------+----------+-------------------------------------------
     0 | D:1      | Alarak the Formicid Fighter began the quest for the Orb.
     0 | D:1      | Reached XP level 1. HP: 18/18 MP: 1/1
   188 | D:1      | Reached XP level 2. HP: 25/25 MP: 2/2
   269 | D:1      | Reached skill level 4 in Fighting
   815 | D:2      | Reached XP level 3. HP: 29/31 MP: 3/3
   850 | D:2      | Found a snail-covered altar of Cheibriados.
  1032 | D:2      | Reached skill level 5 in Fighting
  1032 | D:2      | Reached XP level 4. HP: 29/39 MP: 4/4
  1590 | D:2      | Noticed Natasha
  1593 | D:2      | Killed Natasha
  1594 | D:2      | Reached XP level 5. HP: 45/46 MP: 5/5
  1653 | D:3      | Reached skill level 6 in Fighting
  1881 | D:3      | Found a shadowy altar of Dithmenos.
  1946 | D:3      | Found a snail-covered altar of Cheibriados.
  1958 | D:3      | Found a glowing golden altar of the Shining One.
  1987 | D:3      | Became a worshipper of Cheibriados the Contemplative
  2131 | D:3      | Found an iron altar of Okawaru.
  2197 | D:3      | Reached XP level 6. HP: 39/53 MP: 6/6
  2441 | D:3      | Reached skill level 7 in Fighting
  2473 | D:3      | Found a faded altar of an unknown god.
  2657 | D:4      | Reached * piety under Cheibriados
  2820 | D:4      | Identified the +0 helmet "Lerho" {^Drain rC+++ Regen+
                  | Str-5}
  2820 | D:4      | Noticed Robin
  2836 | D:4      | Killed Robin
  2958 | D:4      | Noticed Pikel
  2978 | D:4      | Killed Pikel
  2979 | D:4      | Reached skill level 9 in Fighting
  2979 | D:4      | Reached XP level 7. HP: 7/64 MP: 7/7
  2983 | D:4      | Reached XP level 8. HP: 18/72 MP: 8/8
  2986 | D:4      | HP: 2/72 [iguana (11)]
  2988 | D:4      | Slain by an orc

Illustrated notes

Levels and vault maps discovered:
D:1:      dpeg_arrival_rooms_c, layout_basic
D:2:      layout_basic, basic_altar, uniq_natasha
D:3:      layout_basic, nicolae_dithmenos_shadow_blocks,
          mainiacjoe_overflow_catwalk, kennysheep_slug_shrine,
          mainiacjoe_overflow_alcove_4, shapermc_ecumenical_altar_pompeii
D:4:      layout_loops_ring, grunt_ministairs_11, uniq_robin, uniq_pikel,
          uniq_crazy_yiuf_cottage

Skill      XL: |  1  2  3  4  5  6 |
---------------+-------------------+-----
Fighting       | 4 5 6 9 |  9.8
Axes           | |  2.0
Armour         | |  3.2
Shields        | |  4.0

Action                     |  1- 3 |  4- 6 |  7- 9 || total
---------------------------+-------+-------+-------++-------
  Melee: War axe           |    71 |   161 |     8 ||   240
Ability: Dig               |       |     2 |       ||     2
    Use: Scroll            |       |     8 |     1 ||     9
         Potion            |       |     1 |     1 ||     2
 Armour: Scale mail        |    59 |   131 |     3 ||   193
  Dodge: Dodged            |    39 |    81 |     3 ||   123
  Block: Buckler           |    25 |    52 |     3 ||    80

Table legend: (Time is in decaauts)
 A = Elapsed time spent in this place.
 B = Non-inter-level travel time spent in this place.
 C = Inter-level travel time spent in this place.
 D = Time resting spent in this place.
 E = Time spent auto-exploring this place.
 F = Levels seen in this place.
 G = Mean time per level.
                   A        B        C        D        E       F      G
               +--------+--------+--------+--------+--------+-----+--------+
         Total |   3298 |   3088 |    210 |    388 |   2070 |   4 |  824.5 |
       Dungeon |   3298 |   3088 |    210 |    388 |   2070 |   4 |  824.5 |
               +--------+--------+--------+--------+--------+-----+--------+

Top non-repeatable levels by time:
     D:2: 1025 daAuts
     D:3: 906 daAuts
     D:1: 825 daAuts
     D:4: 540 daAuts
